Cogmind - Beta 17 @@@ ROGUE MODE // 2026.07.18 @ 22:01:12 Player: cxt100s Result: Destroyed by G-47 Trooper with Particle Gun Performance ------------- Evolutions (0) 0 Regions Visited (2) 400 Robots Destroyed (113) 565 Value Destroyed (1976) 1976 Prototype IDs (6) 120 Alien Tech Used (0) 0 Bonus (11063) 11063 TOTAL SCORE: 14124 Bonus ------- High Alert Combat Kills 366 Follower Combat Kills 47 Prayed to X0-1V1 5000 Major X0-1V1 Interference 5650 Cogmind --------- Core Integrity 0/170 Matter 694/700 Energy 35/100 System Corruption 7% Temperature Cool (42) Movement Core (250) Ox4 Location -10/Mines Parts ------- > --- POWER (2) -------- (None) > --- PROPULSION (1) --- (None) > --- UTILITY (3) ------ Huge Storage Unit > --- WEAPON (1) ------- Improved EM Shotgun > --- INVENTORY (25) --- Improved Ion Engine Light Nuclear Core Light Nuclear Core Light Treads Light Treads Light Treads Light Treads Light Treads Spiked Treads Improved Heat Sink Medium Storage Unit Large Matter Pod (150) Light Armor Plating Light Armor Plating Hacking Suite Tractor Beam Assault Rifle Heavy Assault Rifle Heavy Assault Rifle Mining Laser Mace Heavy Explosive Trap Heavy Explosive Trap Heavy Explosive Trap Heavy Explosive Trap Peak State ------------ > --- POWER ------------ Improved Ion Engine > --- PROPULSION ------- Light Treads Wheel > --- UTILITY ---------- Huge Storage Unit X0-1V1's Piety Tracker > --- WEAPON ----------- Heavy Assault Rifle Heavy Assault Rifle > --- INVENTORY -------- Improved Ion Engine Light Nuclear Core Light Treads Light Treads Light Treads Light Treads Light Treads Spiked Treads Wheel Heat Sink Medium Storage Unit Large Matter Pod Core Shielding Light Armor Plating Light Armor Plating Light Armor Plating Light Armor Plating Light Armor Plating Hacking Suite Tractor Beam Medium Laser Small Laser Assault Rifle Light Cannon Mining Laser [Rating: 25] Favorites ----------- Power Improved Ion Engine Engine Improved Ion Engine Propulsion Light Treads Treads Light Treads Leg Aluminum Leg Wheel Wheel Utility Huge Storage Unit Device X0-1V1's Piety Tracker Storage Huge Storage Unit Protection Light Armor Plating Weapon Assault Rifle Energy Gun Improved EM Shotgun Ballistic Gun Assault Rifle Ballistic Cannon Light Cannon Special Weapon Mining Laser Impact Weapon Mace Build | -11 -10 -10 ------- Run | Yrd Mat Min Slots Evolved . | . . . Power . | . . . Propulsion . | . . . Utility . | . . . Weapon . | . . . Parts Attached 39 | 4 29 6 Power 4 | . 4 . Engine 4 | . 4 . Core . | . . . Reactor . | . . . Propulsion 18 | 2 15 1 Treads 10 | 2 8 . Leg . | . . . Wheel 8 | . 7 1 Hover . | . . . Flight . | . . . Utility 7 | 1 4 2 Device 2 | 1 1 . Storage 2 | . 2 . Processor . | . . . Hackware . | . . . Protection 3 | . 1 2 Artifact . | . . . Weapon 10 | 1 6 3 Energy Gun 2 | . . 2 Energy Cannon . | . . . Ballistic Gun 5 | 1 4 . Ballistic Cannon 1 | . 1 . Launcher . | . . . Special Weapon 1 | . 1 . Impact Weapon 1 | . . 1 Slashing Weapon . | . . . Piercing Weapon . | . . . Special Melee Weapon . | . . . Unidentified Prototypes 1 | . 1 . Parts Lost 19 | . 11 8 Power 3 | . 2 1 Propulsion 8 | . 5 3 Utility 4 | . 1 3 Weapon 4 | . 3 1 Highest Loss Streak 3 | . 3 3 To Critical Strikes . | . . . Average Backups 21 | 4 21 23 Power 2 | 1 2 2 Propulsion 5 | 1 5 6 Utility 9 | . 9 9 Weapon 4 | 1 4 4 Tool/Special . | . . . Unused Backups 34 | 4 12 18 Power 4 | . 1 3 Propulsion 10 | 4 2 4 Utility 13 | . 4 9 Weapon 7 | . 5 2 Tool/Special . | . . . Average Slot Usage (%) 92 | . 94 71 Engine 11 | . 11 4 Treads 13 | . 14 4 Wheel 13 | . 13 13 Device 9 | . 9 13 Storage 14 | . 14 14 Protection 4 | . 4 5 Ballistic Gun 21 | . 22 4 Ballistic Cannon 1 | . 1 . Peak Build Rating 25 | 7 25 24 Average Rating 18 | 6 18 21 On Entrance 12 | 6 7 24 Avg Prop Armor Cover (%) 11 | . 11 14 Naked Turns . | . . . Heaviest Build 94 | 14 94 92 Greatest Support 40 | 40 40 30 Greatest Overweight (x) 9 | . 9 9 Average Overweight (x) 7 | . 8 2 Largest Inventory Capacity 25 | 8 25 25 Average Capacity 24 | 8 24 25 Most Carried 25 | 6 25 25 Average Carried 21 | 4 21 24 Final Capacity 25 | 8 25 25 Final Carried 25 | 5 23 25 Class Distribution -------------------- 100% | Mutant Dominant Class ---------------- Mutant | -10/Materials Mutant | -10/Mines Resources | -11 -10 -10 ----------- Run | Yrd Mat Min Matter Collected 3225 | 308 2845 72 Remotely . | . . . Salvage Created 4212 | 166 3687 359 Parts 259 | 13 235 11 Haulers Intercepted 2 | . 2 . Recyclers Shooed 12 | 1 9 2 Parts Field Recycled . | . . . Retrieved Matter . | . . . Parts Self-Destructed . | . . . Prevented . | . . . Parts Restored . | . . . Kills | -11 -10 -10 ------- Run | Yrd Mat Min Combat Hostiles Destroyed 43 | . 36 7 Guns 33 | . 30 3 Cannons 6 | . 6 . AOE 3 | . . 3 Classes Destroyed 10 | 2 8 . Worker 32 | . 32 . Builder 24 | . 23 1 Tunneler 8 | 4 4 . Hauler 2 | . 2 . Recycler 15 | 1 13 1 Operator 1 | . 1 . Watcher 3 | . 3 . Swarmer 9 | . 6 3 Grunt 24 | . 21 3 Sentry 10 | . 9 1 Best Kill Streak 7 | 3 7 4 Combat Bots Only 4 | . 3 4 Max Kills in Single Turn 1 | 1 1 1 Gunslinging . | . . . Exploded 1 | . . 1 Melee . | . . . Uniques/NPCs Destroyed . | . . . Combat | -11 -10 -10 -------- Run | Yrd Mat Min Hostile Shots Fired 330 | . 261 69 Missed 94 | . 74 20 Hits 236 | . 187 49 Melee 5 | . . 5 Projectile 231 | . 187 44 Critical Strikes 6 | . 6 . Damage Taken 3198 | . 2538 660 Core 673 | . 460 213 Absorbed by Shields . | . . . Redirected to Shielding 5 | . . 5 Regen/Repaired (Parts) 287 | . 287 . Core Remaining (%) 100 | 100 . . Volleys Fired 452 | 17 415 20 Largest 2 | 2 2 1 Hottest 100 | 40 100 45 Shots Fired 725 | 34 671 20 Gun 577 | 34 523 20 Cannon 118 | . 118 . Launcher . | . . . Special 30 | . 30 . Kinetic 677 | 34 641 2 Thermal 30 | . 30 . Explosive . | . . . Electromagnetic 18 | . . 18 Robot Hit Streak 16 | 10 16 6 Robot Miss Streak 7 | 3 7 7 Penetration Max . | . . . Secondary Targets 3 | . 3 . Max Gunslinging Chain 1 | . 1 . Shots Hit Robots 383 | 23 341 19 Core Hits 167 | 8 149 10 Critical Kills . | . . . Critical Parts Destroyed . | . . . Critical Strikes 2 | . 2 . Destroy 1 | . 1 . Blast 1 | . 1 . Melee Attacks 11 | . . 11 Impact 11 | . . 11 Slashing . | . . . Piercing . | . . . Sneak Attacks 3 | . . 3 Combat Hostiles . | . . . Follow-up Attacks . | . . . Damage Inflicted 5551 | 236 4783 532 Guns 4306 | 236 3887 183 Cannons 896 | . 896 . Explosions 126 | . . 126 Melee 223 | . . 223 Ramming . | . . . Kinetic 5019 | 236 4783 . Thermal 126 | . . 126 Explosive . | . . . Electromagnetic 183 | . . 183 Impact 223 | . . 223 Slashing . | . . . Piercing . | . . . Highest Corruption 11 | . 11 7 Average Corruption 6 | . 6 5 Corruption Purged . | . . . Corruption Blocked . | . . . Effects 41 | . 41 . Message Errors 8 | . 8 . Matter Fused 12 | . 12 . Heat Flow Errors 2 | . 2 . Energy Discharges 4 | . 4 . Parts Fused 1 | . 1 . Data Loss (minor) 7 | . 7 . Data Loss (major) 2 | . 2 . Misfires 2 | . 2 . Alerts 1 | . 1 . Weapon Failures 2 | . 2 . Overload Shots . | . . . Overflow Damage 93 | . 13 80 Projectiles 13 | . 13 . Explosions . | . . . Melee 80 | . . 80 Knockbacks 10 | . 9 1 Impact 1 | . . 1 Kinetic 9 | . 9 . Secondary . | . . . Self-Inflicted Damage 137 | . 137 . Shots 4 | . 4 . Rammed . | . . . Targets Rammed . | . . . Kicked . | . . . Crushed . | . . . Highest Temperature 304 | . 304 33 Average Temperature 90 | . 91 17 Received Heat Transfer 1185 | . 1026 159 Effects 2 | . 2 . Energy Bleed 1 | . 1 . Interference 1 | . 1 . Siege Activations . | . . . Martial Activations . | . . . Shielding Activations . | . . . Robots Disrupted . | . . . Combat Hostiles . | . . . Robots Corrupted 1 | . . 1 Combat Hostiles . | . . . Parts Fried 2 | . . 2 Impact Corruptions 3 | . . 3 Robots Melted . | . . . Combat Hostiles . | . . . Parts Melted 13 | . 13 . Heat Transferred 200 | . . 200 Parts Sabotaged . | . . . Parts Stolen . | . . . Parts Stripped . | . . . Power Chain Reactions 3 | . 1 2 Alert | -11 -10 -10 ------- Run | Yrd Mat Min Maximum Alert Level 4 | . 4 2 Low Security (%) 39 | 100 40 . Level 1 9 | . 10 5 Level 2 20 | . 16 94 Level 3 28 | . 30 . Level 4 1 | . 1 . Level 5 . | . . . High Security . | . . . Max Security . | . . . Peak Influence 1251 | 10 1251 521 Initial 487 | . . 487 Average 427 | 2 433 446 Influence Increases 2129 | 25 1836 268 Destroy 0b10 Robot/C 920 | . 720 200 Destroy 0b10 Robot/NC 425 | 25 390 10 Destroy Leader 120 | . 100 20 Allied During Kill 39 | . 2 37 Successful Hack 25 | . 25 . Disable Machine 285 | . 285 . Destroy Structure 153 | . 152 1 Lose Combat Pursuer 30 | . 30 . Miscellaneous 132 | . 132 . Influence Decreases 1700 | 25 585 1090 Entered New Map 764 | . . 764 Time Decay 676 | 25 445 206 Lost Part 180 | . 100 80 Lost Ally 80 | . 40 40 Squads Dispatched 8 | . 6 2 Investigation 5 | . 3 2 Extermination . | . . . Reinforcement 1 | . 1 . Assault 2 | . 2 . Garrison . | . . . Intercept . | . . . Searches Triggered . | . . . Construction Impeded . | . . . Haulers Reinforced . | . . . Active Scanning Responses . | . . . Cargo Convoy Interrupts . | . . . Stealth | -11 -10 -10 --------- Run | Yrd Mat Min Distress Signals . | . . . Communications Jammed . | . . . Distress Signals . | . . . Times Spotted 78 | . 61 17 Peak Tracking Total 8 | . 4 8 Tactical Retreats 2 | . 2 . Traps | -11 -10 -10 ------- Run | Yrd Mat Min Traps Triggered . | . . . Indirectly . | . . . Trap Hack Attempts . | . . . Triggered . | . . . Disarmed . | . . . Reprogrammed . | . . . Reused . | . . . Traps Extracted . | . . . Installed . | . . . Triggered . | . . . Most Traps Carried 4 | . . 4 Machines | -11 -10 -10 ---------- Run | Yrd Mat Min Machines Disabled 20 | . 20 . Max in Single Turn 2 | . 2 . Machines Repaired . | . . . Machines Dismantled . | . . . Machines Sabotaged . | . . . Overloaded Fab Kills . | . . . Hacking | -11 -10 -10 --------- Run | Yrd Mat Min Machines Accessed 8 | . 7 1 Terminals 7 | . 6 1 Fabricators . | . . . Repair Stations 1 | . 1 . Recycling Units . | . . . Scanalyzers . | . . . Garrison Access . | . . . Total Hacks 25 | . 23 2 Successful 18 | . 17 1 Failed 7 | . 6 1 Catastrophic . | . . . Database Lockouts . | . . . Manual 12 | . 10 2 Terminals 17 | . 15 2 Fabricators . | . . . Repair Stations 8 | . 8 . Recycling Units . | . . . Scanalyzers . | . . . Garrison Access . | . . . Terminal Hacks 2 | . 2 . Prototype ID Bank 2 | . 2 . Fabricator Hacks . | . . . Repair Station Hacks 8 | . 8 . Scan Component 4 | . 4 . Repair 4 | . 4 . Recycling Unit Hacks . | . . . Scanalyzer . | . . . Garrison Access Hacks . | . . . Unauthorized Hacks 8 | . 7 1 Terminals 8 | . 7 1 Botnet 2 | . 2 . Skim 5 | . 5 . Sabotage 1 | . . 1 Fabricators . | . . . Repair Stations . | . . . Recycling Units . | . . . Scanalyzers . | . . . Garrison Access . | . . . Data Cores Recovered . | . . . Used . | . . . Hacking Detections 6 | . 6 . Full Trace Events . | . . . Feedback Events . | . . . Feedback Blocked . | . . . Robot Schematics Acquired . | . . . Robots Built . | . . . Authchips . | . . . Time . | . . . Total Robot Build Rating . | . . . Part Schematics Acquired . | . . . Parts Built . | . . . Authchips . | . . . Time . | . . . Total Part Build Rating . | . . . Part Studies Acquired . | . . . Parts Repaired 4 | . 4 . Time 104 | . 104 . Parts Recycled . | . . . Recycled Matter . | . . . Retrieved Matter . | . . . Retrieved Components . | . . . Parts Scanalyzed . | . . . Part Schematics Acquired . | . . . Parts Damaged . | . . . Bothacking | -11 -10 -10 ------------ Run | Yrd Mat Min Used RIF Installer . | . . . Robots Hacked . | . . . Non-combat . | . . . Combat . | . . . Robot Hacks Applied . | . . . Relay Couplers Released . | . . . Fabnet Peak Effective % . | . . . Robots Rewired . | . . . Allies Hacked . | . . . Hacks Repelled . | . . . Allies | -11 -10 -10 -------- Run | Yrd Mat Min Total Allies 6 | . 2 4 Largest Group 4 | . 2 4 Highest-Rated Group 32 | . 16 32 Highest-Rated Ally 8 | . 8 8 Total Orders . | . . . Ally Attacks 42 | . 8 34 Total Damage 252 | . 56 196 Kills 4 | . . 4 Allies Corrupted . | . . . Allies Melted . | . . . X0-1V1 Amusement Gains 96 | . 36 60 Good Acts 48 | . 28 20 Bad Acts 54 | . 42 12 Intel | -11 -10 -10 ------- Run | Yrd Mat Min Active Infowar (turns) 69 | 22 47 . Seismic 69 | 22 47 . Robot Analysis Total . | . . . Derelict Logs Recovered 2 | . . 2 Drone Launches . | . . . Drone Recoveries . | . . . Exploration | -11 -10 -10 ------------- Run | Yrd Mat Min Turns Passed 8045 | 128 7495 422 Spaces Moved 2947 | 45 2688 214 Core . | . . . Treads 286 | 45 241 . Legs . | . . . Wheels 2661 | . 2447 214 Hover . | . . . Flight . | . . . Fastest Speed 125 | 160 160 125 Average Speed 208 | 160 215 129 Slowest Speed 480 | 160 480 215 Overloaded Moves . | . . . Propulsion Burnouts . | . . . Robots Hopped . | . . . Potential Cave-ins . | . . . Cave-ins Triggered . | . . . Exploration Rate (%) 54 | 4 99 60 Regions Visited 2 Branch Regions 1 Pre-discovered Areas . | . . . Known Exits Taken . | . . . Unknown Exits Taken 2 | 1 1 . Scrap Searched . | . . . Spaces Dug 24 | . 24 . Terrain Destroyed 154 | . 153 1 Melee . | . . . Projectile 25 | . 25 . AOE 129 | . 128 1 Terrain Rammed . | . . . Walls Destroyed . | . . . Machines Disabled . | . . . Actions | -11 -10 -10 --------- Run | Yrd Mat Min Total 4070 | 70 3678 322 Wait 515 | . 460 55 Move 2945 | 44 2687 214 Hop . | . . . Pick Up 53 | 2 43 8 Fast Attach 7 | 1 5 1 Attach 15 | . 11 4 Detach 2 | . 2 . Swap 35 | 3 30 2 Drop 35 | 3 25 7 Fire 452 | 17 415 20 Melee 11 | . . 11 Ram . | . . . Kick . | . . . Crush . | . . . Escape Stasis . | . . . Rewire . | . . . Trap . | . . . Miscellaneous . | . . . Route ------- -11/Scrapyard -10/Materials (discovered 5 exits: *Mat x3 / *Min / *Sub) -10/Mines (discovered 3 exits: *Mat x2 / Sub) History --------- Turn | Location | Event 33 | -11/Scrapyard | Discovered new exit (range 3) 129 | -11/Scrapyard | Entered Materials 315 | -10/Materials | Build established: Mutant 366 | -10/Materials | Discovered new exit (range 16) 614 | -10/Materials | Discovered new exit (range 16) 1094 | -10/Materials | Loaded intel: 14 trap records 1171 | -10/Materials | Learned 2 Storage zone layouts 1236 | -10/Materials | Learned Storage stockpile data 1292 | -10/Materials | Identified exit to Materials 1372 | -10/Materials | Learned Materials trap positions 1416 | -10/Materials | Learned Storage emergency access door positions 1468 | -10/Materials | Learned location of 1 exit from Storage 1531 | -10/Materials | Learned Storage security intel 1817 | -10/Materials | Discovered new exit (range 8) 2093 | -10/Materials | Discovered new exit (range 3) 2233 | -10/Materials | Repaired Lgt. Armor Plating 2260 | -10/Materials | Repaired Lgt. Treads 2288 | -10/Materials | Repaired Assault Rifle 2315 | -10/Materials | Repaired Assault Rifle 2748 | -10/Materials | Prayed at D.C.S.S. Altar Unit 2987 | -10/Materials | X0-1V1 announced a LAN party 3076 | -10/Materials | X0-1V1 vaporized surrounding terrain (radius 15) 3134 | -10/Materials | X0-1V1 foreshadows a heat wave 3284 | -10/Materials | Ambient heat levels rising (+10) 3391 | -10/Materials | Core integrity permanently improved by X0-1V1 (+200) 3600 | -10/Materials | Ambient heat levels rising (+10) 3871 | -10/Materials | Ambient heat levels falling (-10) 4139 | -10/Materials | Ambient heat levels falling (-10) 5798 | -10/Materials | X0-1V1 sent you into danger 5985 | -10/Materials | X0-1V1 collapsed Mines access 6009 | -10/Materials | X0-1V1 sent hostile G-34 Mercenary (x3) 6013 | -10/Materials | X0-1V1 whisked you away to safety 6032 | -10/Materials | X0-1V1 mutated your Propulsion slot to Power slot 6052 | -10/Materials | X0-1V1 vaporized surrounding terrain (radius 15) 6057 | -10/Materials | X0-1V1 sent allied G-34 Mercenary (x2) 6063 | -10/Materials | X0-1V1 activates XOMVISION 6073 | -10/Materials | Core integrity fell below 50% 6169 | -10/Materials | X0-1V1 mutated your Weapon slot to Propulsion slot 6288 | -10/Materials | X0-1V1 activates XOMVISION 6313 | -10/Materials | X0-1V1 sent hostile S-10 Pest (x3) 6505 | -10/Materials | X0-1V1 vaporized surrounding terrain (radius 18) 6954 | -10/Materials | System corruption reached 10% 7093 | -10/Materials | Core integrity fell below 20% 7135 | -10/Materials | Lost 3 parts (2n1w) 7479 | -10/Materials | X0-1V1 vaporized surrounding terrain (radius 20) 7505 | -10/Materials | X0-1V1 made a cryptic comment about sterilization and BL-4Z3 7524 | -10/Materials | X0-1V1 added 0b10 threat records associated with you (minor) 7553 | -10/Materials | X0-1V1 activates XOMVISION 7559 | -10/Materials | Core integrity restored by X0-1V1 (+99) 7624 | -10/Materials | Entered Mines 7640 | -10/Mines | Mass support permanently improved by X0-1V1 (+14; -280 max core) 7645 | -10/Mines | Core integrity restored by X0-1V1 (+47) 7648 | -10/Mines | X0-1V1 revealed exit location to -9/Materials 7715 | -10/Mines | X0-1V1 revealed exit location to -9/Materials 7725 | -10/Mines | Learned Materials garrison access intel 7737 | -10/Mines | X0-1V1 sent hostile S-10 Pest (x3) 7756 | -10/Mines | X0-1V1 upgraded hostiles (x1) 7767 | -10/Mines | Core integrity restored by X0-1V1 (+32) 7769 | -10/Mines | X0-1V1 activates XOMVISION 7773 | -10/Mines | Identified exit to Subcaves 7773 | -10/Mines | X0-1V1 revealed exit location to -10/Subcaves 7823 | -10/Mines | X0-1V1 sent allied G-34 Mercenary (x4) 7828 | -10/Mines | Core integrity restored by X0-1V1 (+45) 7846 | -10/Mines | X0-1V1 announced a LAN party 7855 | -10/Mines | X0-1V1 mutated your Propulsion slot to Utility slot 7888 | -10/Mines | X0-1V1 sent you into danger 7942 | -10/Mines | Lost 3 parts (1n1u1w) 7945 | -10/Mines | Learned location of 1 exit from Materials 7950 | -10/Mines | Found a hidden stash of uninstalled traps 8007 | -10/Mines | Excavation squad dispatched 8007 | -10/Mines | A large section of the Mines collapsed 8035 | -10/Mines | X0-1V1 vaporized surrounding terrain (radius 21) 8046 | -10/Mines | Destroyed by G-47 Trooper with Particle Gun Last Messages --------------- 08007_ ALERT: Suspicious cave-in, suspected derelict activity in mines. Dispatching escorted excavation squad. Surrounding terrain vaporized. 08035_ X0-1V1: "Learned that one from the Sigix." 08036_ X0-1V1's Piety Tracker destroyed. 08036_ X0-1V1 is mildly amused. 08036_ System corrupted by crushing effect (+4). 08036_ Knocked back. 08036_ G-34 Mercenary destroyed. 08039_ Chain reaction triggered in Ion Engine. 08039_ G-34 Mercenary destroyed. 08039_ G-34 Mercenary knocked back. 08039_ Core Shielding destroyed. 08039_ System corrupted by crushing effect (+2). 08041_ as-67706 destroyed. 08042_ Com. Wheel destroyed. 08042_ System corrupted by crushing effect (+1). 08042_ Knocked back. 08045_ G-34 Mercenary knocked back. 08046_ X0-1V1 laughs nastily! Map ----- +----------------------------------------------------+ | | | | | | | | | | | | | | | | | | | | | | | | | | | | | | | ???????????? | | ;;;;; ;;;;;;;???????????? | | ;; ;; ; ; ??????????? | | ; ;; ;g t ; ??????????? | | ; ; ;;; ; ??????????? | | ;; ; ; ;% *g ; ?????????? | | ;; g%%[g< ; ?????????? | | ;;; ;; % ; ????????? | | ;;% ;; ;;;; ????????? | | ;; a;;; ;;;;;; ????????? | | ;; @ ;;;; ;; ????????? | | ;; ;; ;;;;#???##### | | ; g a ##??# | | ;; t %##?# | | ; g #?# ## | | ; ;;; #?# #? | | ; ;; ;;;;;; ### #? | | ; ; ;; u ## ## | | ;; ;; ;; # | | ; ; ; | | ; ; ;; % | | ; ; ;; [ | | ; ;; ?## ## | | ?? ;; ;;;;;;;;;????## #### | | ???? ????????####??# | | ???????;;;;;????????????????## | | ?????????????????????????????## | | ??????????????????????????????## | | ???????????????????????????????? | | ????????>???????????????????????# | | ?????????????????????????????????# | | ?????????????????????????????????? | | ?????????????????????????????????# | | ?????????????????????# ####### | | ??????????????????????# | +----------------------------------------------------+ Best States ------------- Heat Dissipation 115 Energy Generation 14 Energy Capacity 1080 Matter Stores 700 Matter Capacity 700 Sight Range 21 Terrain Scan Density 10 Armor Coverage 150 Core Shielding 20 Evasion (%) 40 Recoil Reduction 2 Item Schematics ----------------- None Robot Schematics ------------------ None Fabricated ------------ Nothing Repaired ---------- Lgt. Armor Plating | 24% | -10/Materials Lgt. Treads | 22% | -10/Materials Assault Rifle | 43% | -10/Materials Assault Rifle | 46% | -10/Materials Studied --------- None Alien Tech Used ----------------- None Achievements -------------- None Challenges ------------ None Game ------ Seed LegGodBuckler Manual? 0 Play Time 00:58:12 Cumulative 351.4 hours Start 2026.07.18 @ 21:02:51 End 2026.07.18 @ 22:01:12 Sessions 1 Manual Loads 0 Difficulty Rogue Special Mode None Game No. 121 Rogue 121 Adventurer 0 Explorer 0 Win Type - Total 15 Types 11/0/1/0/1/0/0/0/0/2 Lore% 60 Gallery% 51 Achievement% 46 Wizard Run 0 Options --------- Layout 0 ASCII 0 Keyboard 0 Movement Numpad Keybinds 0 Fullscreen 1 Font 20/SmallcapsGlow Map View 90x57 Zoom Use 0% Tactical HUD 1 Map Filters NONE Filters BRIGHTNESS(200) Steam 1 RUN: 6875613b-bc5c-4ef4-a0e5-5c9588d847b1